Map: Eternal Empire LE

Players

rawwbone

  • Race: Zerg Zerg
  • League: Gold
  • Spawn Location: 7:00

A.I. 1 (Very Easy) - Winner!

  • Race: Zerg Zerg
  • Spawn Location: 1:00

VOD

Have the link to the VOD?

Description

Time

  • Played on: March 9, 2020, 7:42 a.m.
  • Length: 17:41
Show
View Real Time Build Order
Export as new Build Order

rawwbone Zerg 

Build Orders: Hatch First 

Get SALT Encoding   

  12  0:00  Protoss Air Weapons Level 3, Terran Infantry Armor Level 3, Zerg Flyer Weapons Level 1, Psionic Storm, Terran Ship Weapons Level 3, Zerg Missile Weapons Level 3, Zerg Melee Weapons Level 1, Protoss Air Armor Level 2, Zerg Flyer Armor Level 3, Charge, Burrow, Personal Cloaking, Terran Ship Armor Level 2, Terran Infantry Armor Level 1, Protoss Shields Level 2, Terran Vehicle And Ship Armor Level 2, Muscular Augments x3, Protoss Shields Level 1, Terran Ship Armor Level 1, Terran Infantry Weapons Level 1, Corvid Reactor, Adrenal Glands, Terran Vehicle Weapons Level 1, Zerg Flyer Weapons Level 2, Centrifical Hooks, Zerg Melee Weapons Level 2, Terran Vehicle and Ship Weapons Level 1, Terran Vehicle And Ship Armor Level 1, Warp Gate, Terran Vehicle Armor Level 1, Terran Vehicle and Ship Weapons Level 3, 250mm Strike Cannons, Chitinous Plating, Terran Vehicle and Ship Weapons Level 2, Zerg Ground Armor Level 2, Protoss Ground Armor Level 2, Terran Ship Weapons Level 1, Protoss Air Weapons Level 1, Protoss Ground Armor Level 3, Protoss Shields Level 3, Protoss Ground Weapons Level 2, Drilling Claws, Weapon Refit, Zerg Flyer Armor Level 1, Metabolic Boost, Protoss Air Armor Level 3, Ventral Sacs, Terran Ship Armor Level 3, Cloaking Field, Protoss Air Armor Level 1, Neosteel Frame, Stimpack, Zerg Ground Armor Level 3, Protoss Ground Weapons Level 3, Glial Reconstitution, Terran Ship Weapons Level 2, Zerg Missile Weapons Level 1, Zerg Flyer Weapons Level 3, Protoss Ground Weapons Level 1, Zerg Melee Weapons Level 3, Blink, Resonating Glaives, Protoss Air Weapons Level 2, Neural Parasite, Zerg Missile Weapons Level 2, Protoss Ground Armor Level 1, Tunneling Claws, Combat Shield, Terran Infantry Weapons Level 2, Terran Infantry Armor Level 2, Terran Vehicle Armor Level 2, Zerg Flyer Armor Level 2, Extended Thermal Lance, Infernal Pre-Igniter, Terran Vehicle And Ship Armor Level 3, Terran Vehicle Armor Level 3, Terran Vehicle Weapons Level 2, Terran Vehicle Weapons Level 3, Neosteel Armor, Terran Infantry Weapons Level 3, Zerg Ground Armor Level 1  
  12  0:01  Drone  
  12  0:05  Anion Pulse-Crystals  
  13  0:12  Pathogen Glands, Caduceus Reactor, Gravitic Drive, Graviton Catapult, Overlord, Hi-Sec Auto Tracking, Moebius Reactor, Behemoth Reactor, Gravitic Boosters  
  13  0:16  Drone  
  14  0:26  Concussive Shells, Pneumatized Carapace  
  14  0:30  Drone x2  
  14  0:34  Drone  
  17  0:51  Overlord  
  17  0:55  Hatchery  
  17  0:57  Drone x12  
  17  1:09  Unknown x4  
  17  1:10  Drone  
  13  1:21  Overlord  
  13  1:26  Drone  
  14  1:39  Drone x2  
  16  1:43  Drone  
  17  1:58  Spawning Pool  
  17  2:00  Drone  
  17  2:23  Hatchery, Drone  
  17  2:33  Extractor  
  17  2:34  Drone x2  
  18  2:45  Queen  
  18  2:47  Zergling x2  
  21  2:52  Overlord  
  21  2:59  Drone  
  22  3:20  Queen, Drone x2  
  26  3:29  Protoss Shields Level 3, Protoss Ground Weapons Level 3, Protoss Ground Armor Level 3  
  26  3:31  Drone  
  27  3:36  Drone  
  27  3:38  Metabolic Boost  
  28  3:45  Drone  
  28  3:48  Drone  
  30  3:51  Protoss Air Weapons Level 3, Terran Infantry Armor Level 3, Terran Ship Weapons Level 3, Protoss Air Armor Level 3, Terran Ship Armor Level 3, Zerg Flyer Armor Level 3, Terran Vehicle And Ship Armor Level 3, Terran Vehicle Armor Level 3, Zerg Missile Weapons Level 3, Terran Vehicle and Ship Weapons Level 3, Zerg Ground Armor Level 3, Terran Vehicle Weapons Level 3, Zerg Flyer Weapons Level 3, Terran Infantry Weapons Level 3, Zerg Melee Weapons Level 3  
  30  3:53  Drone  
  30  3:54  Protoss Shields Level 2, Protoss Ground Weapons Level 2, Protoss Ground Armor Level 2  
  34  3:55  Drone x3  
  34  3:58  Overlord  
  34  4:09  Drone x2  
  36  4:12  Zerg Flyer Weapons Level 2, Zerg Melee Weapons Level 2, Terran Infantry Weapons Level 2, Terran Infantry Armor Level 2, Terran Vehicle Armor Level 2, Zerg Flyer Armor Level 2, Protoss Air Armor Level 2, Terran Vehicle Weapons Level 2, Terran Vehicle and Ship Weapons Level 2, Terran Ship Armor Level 2, Terran Ship Weapons Level 2, Terran Vehicle And Ship Armor Level 2, Zerg Missile Weapons Level 2, Zerg Ground Armor Level 2, Protoss Air Weapons Level 2  
  36  4:16  Roach Warren  
  35  4:18  Drone x2  
  35  4:19  Protoss Ground Weapons Level 1, Protoss Ground Armor Level 1, Protoss Shields Level 1  
  37  4:27  Blink, Drone  
  37  4:30  Drone  
  39  4:31  Drone x2  
  39  4:32  Drone  
  39  4:33  Overlord  
  39  4:34  Terran Infantry Weapons Level 1, Zerg Flyer Armor Level 1, Terran Vehicle Armor Level 1, Zerg Melee Weapons Level 1, Protoss Air Armor Level 1, Terran Vehicle and Ship Weapons Level 1, Terran Vehicle And Ship Armor Level 1, Terran Vehicle Weapons Level 1, Zerg Flyer Weapons Level 1, Zerg Missile Weapons Level 1, Terran Infantry Armor Level 1, Terran Ship Weapons Level 1, Protoss Air Weapons Level 1, Terran Ship Armor Level 1, Zerg Ground Armor Level 1  
  42  4:40  Drone x2  
  44  4:46  Protoss Shields Level 3, Protoss Ground Weapons Level 3, Protoss Ground Armor Level 3  
  44  4:48  Charge, Weapon Refit, Warp Gate, Neosteel Armor, Extended Thermal Lance, Resonating Glaives, Stimpack  
  44  4:51  Extractor  
  44  4:52  Extractor  
  42  4:55  Adrenal Glands, Ventral Sacs, Drone x3  
  42  4:56  Hatchery  
  42  4:58  Drone  
  45  5:02  Personal Cloaking  
  45  5:08  Protoss Air Weapons Level 3, Terran Infantry Armor Level 3, Terran Ship Weapons Level 3, Protoss Air Armor Level 3, Terran Ship Armor Level 3, Zerg Flyer Armor Level 3, Terran Vehicle And Ship Armor Level 3, Terran Vehicle Armor Level 3, Zerg Missile Weapons Level 3, Terran Vehicle and Ship Weapons Level 3, Zerg Ground Armor Level 3, Terran Vehicle Weapons Level 3, Zerg Flyer Weapons Level 3, Terran Infantry Weapons Level 3, Zerg Melee Weapons Level 3  
  45  5:09  Tunneling Claws, Drilling Claws, Psionic Storm, Combat Shield, Neural Parasite, Metabolic Boost, Corvid Reactor, Infernal Pre-Igniter, Neosteel Frame, Centrifical Hooks, Chitinous Plating, Glial Reconstitution, Cloaking Field, 250mm Strike Cannons  
  45  5:11  Protoss Shields Level 2, Protoss Ground Weapons Level 2, Protoss Ground Armor Level 2  
  45  5:12  Extractor  
  44  5:15  Drone x2  
  44  5:17  Burrow, Muscular Augments x3  
  44  5:19  Drone x3  
  49  5:23  Overlord x4  
  49  5:24  Anion Pulse-Crystals  
  49  5:29  Zerg Flyer Weapons Level 2, Zerg Melee Weapons Level 2, Terran Infantry Weapons Level 2, Terran Infantry Armor Level 2, Terran Vehicle Armor Level 2, Zerg Flyer Armor Level 2, Protoss Air Armor Level 2, Terran Vehicle Weapons Level 2, Terran Vehicle and Ship Weapons Level 2, Terran Ship Armor Level 2, Terran Ship Weapons Level 2, Terran Vehicle And Ship Armor Level 2, Zerg Missile Weapons Level 2, Zerg Ground Armor Level 2, Protoss Air Weapons Level 2  
  49  5:31  Pathogen Glands, Caduceus Reactor, Gravitic Drive, Graviton Catapult, Hi-Sec Auto Tracking, Moebius Reactor, Behemoth Reactor, Gravitic Boosters  
  49  5:36  Roach, Protoss Ground Weapons Level 1, Protoss Ground Armor Level 1, Protoss Shields Level 1  
  51  5:44  Roach x8, Blink  
  51  5:45  Concussive Shells, Pneumatized Carapace  
  67  5:51  Terran Infantry Weapons Level 1, Zerg Flyer Armor Level 1, Terran Vehicle Armor Level 1, Zerg Melee Weapons Level 1, Protoss Air Armor Level 1, Terran Vehicle and Ship Weapons Level 1, Terran Vehicle And Ship Armor Level 1, Terran Vehicle Weapons Level 1, Zerg Flyer Weapons Level 1, Zerg Missile Weapons Level 1, Terran Infantry Armor Level 1, Terran Ship Weapons Level 1, Protoss Air Weapons Level 1, Terran Ship Armor Level 1, Zerg Ground Armor Level 1  
  67  6:03  Evolution Chamber x2  
  65  6:05  Charge, Weapon Refit, Warp Gate, Neosteel Armor, Extended Thermal Lance, Resonating Glaives, Stimpack  
  65  6:09  Overlord  
  65  6:10  Drone x2  
  67  6:12  Adrenal Glands, Ventral Sacs  
  67  6:15  Drone x12  
  67  6:19  Personal Cloaking  
  67  6:26  Tunneling Claws, Drilling Claws, Psionic Storm, Combat Shield, Neural Parasite, Metabolic Boost, Corvid Reactor, Infernal Pre-Igniter, Neosteel Frame, Centrifical Hooks, Chitinous Plating, Glial Reconstitution, Cloaking Field, 250mm Strike Cannons  
  67  6:27  Unknown  
  67  6:28  Unknown x3  
  67  6:29  Drone  
  13  6:34  Burrow, Muscular Augments x3  
  13  6:40  Overlord  
  13  6:41  Anion Pulse-Crystals  
  13  6:45  Drone  
  14  6:48  Pathogen Glands, Caduceus Reactor, Gravitic Drive, Graviton Catapult, Hi-Sec Auto Tracking, Moebius Reactor, Lair, Behemoth Reactor, Gravitic Boosters  
  14  6:58  Drone x2  
  16  7:02  Concussive Shells, Pneumatized Carapace  
  16  7:16  Drone  
  16  7:20  Hatchery  
  16  7:27  Overlord  
  17  7:30  Drone  
  17  7:31  Drone  
  17  7:33  Drone x12  
  18  7:43  Spawning Pool  
  17  7:45  Unknown x3  
  17  7:47  Drone  
  13  7:57  Overlord  
  13  8:02  Drone  
  14  8:16  Drone x2  
  16  8:37  Hatchery  
  16  8:38  Drone  
  16  8:46  Drone x2  
  18  9:02  Spawning Pool  
  17  9:04  Drone  
  18  9:11  Drone  
  18  9:14  Drone  
  20  9:18  Extractor  
  19  9:24  Drone  
  20  9:35  Overlord  
  20  9:46  Drone  
  20  9:48  Queen  
  20  9:49  Queen  
  20  9:50  Drone  
  26  9:57  Drone  
  27  10:02  Drone  
  28  10:09  Drone  
  28  10:11  Drone  
  30  10:18  Drone  
  31  10:21  Overlord  
  31  10:27  Lair  
  31  10:29  Queen  
  33  10:37  Drone x2  
  35  10:43  Roach Warren  
  35  10:46  Evolution Chamber, Drone  
  34  10:51  Drone x2  
  36  11:00  Drone x4  
  36  11:03  Overlord  
  40  11:14  Drone x4  
  40  11:18  Extractor x2  
  43  11:21  Zerg Missile Weapons Level 1  
  42  11:40  Drone x9  
  51  11:50  Glial Reconstitution  
  51  11:54  Overlord x2  
  51  12:09  Overlord x2  
  59  12:15  Roach x4  
  59  12:18  Roach x3  
  65  12:28  Roach x3  
  71  12:32  Overlord  
  71  12:50  Hatchery  
  71  12:51  Hydralisk Den, Drone x2  
  69  12:52  Evolution Chamber  
  69  12:56  Extractor, Drone  
  69  12:58  Drone x2  
  72  12:59  Drone  
  72  13:03  Queen  
  75  13:18  Zerg Missile Weapons Level 2  
  75  13:19  Zerg Ground Armor Level 1  
  75  13:27  Overlord x3  
  75  13:28  Overlord  
  75  13:39  Drone x8  
  84  13:55  Drone x5  
  84  13:56  Drone x2  
  84  13:58  Drone  
  91  14:18  Drone x6  
  98  14:24  Drone x6  
  98  14:27  Extractor, Hatchery  
  98  14:28  Extractor  
  98  14:30  Drone x3  
  103  14:37  Grooved Spines  
  103  14:52  Drone x8  
  111  15:02  Drone  
  111  15:03  Drone x2  
  114  15:16  Hydralisk x4  
  114  15:17  Hydralisk x4  
  114  15:20  Overlord  
  130  15:28  Infestation Pit  
  130  15:30  Spire  
  130  15:33  Zerg Melee Weapons Level 1  
  130  15:35  Metabolic Boost  
  128  15:41  Hydralisk x8  
  144  15:46  Overlord x5  
  144  15:47  Overlord x3  
  144  15:48  Muscular Augments  
  144  15:53  Overlord x2  
  144  16:18  Extractor  
  143  16:19  Extractor  
  143  16:21  Hydralisk x14  
  170  16:33  Hydralisk x5  
  170  16:37  Roach x4  
  170  16:39  Roach x4  
  196  16:42  Roach x2  
Show
View Real Time Build Order
Export as new Build Order

A.I. 1 (Very Easy) Zerg - Winner!

Build Orders: Pool Only 

Get SALT Encoding   

  12  0:00  Protoss Air Weapons Level 3, Terran Infantry Armor Level 3, Zerg Flyer Weapons Level 1, Psionic Storm, Terran Ship Weapons Level 3, Zerg Missile Weapons Level 3, Zerg Melee Weapons Level 1, Protoss Air Armor Level 2, Zerg Flyer Armor Level 3, Charge, Burrow, Personal Cloaking, Terran Ship Armor Level 2, Terran Infantry Armor Level 1, Protoss Shields Level 2, Terran Vehicle And Ship Armor Level 2, Muscular Augments x3, Protoss Shields Level 1, Terran Ship Armor Level 1, Terran Infantry Weapons Level 1, Corvid Reactor, Adrenal Glands, Terran Vehicle Weapons Level 1, Zerg Flyer Weapons Level 2, Centrifical Hooks, Zerg Melee Weapons Level 2, Terran Vehicle and Ship Weapons Level 1, Terran Vehicle And Ship Armor Level 1, Warp Gate, Terran Vehicle Armor Level 1, Terran Vehicle and Ship Weapons Level 3, 250mm Strike Cannons, Chitinous Plating, Terran Vehicle and Ship Weapons Level 2, Zerg Ground Armor Level 2, Protoss Ground Armor Level 2, Terran Ship Weapons Level 1, Protoss Air Weapons Level 1, Protoss Ground Armor Level 3, Protoss Shields Level 3, Protoss Ground Weapons Level 2, Drilling Claws, Weapon Refit, Zerg Flyer Armor Level 1, Metabolic Boost, Protoss Air Armor Level 3, Ventral Sacs, Terran Ship Armor Level 3, Cloaking Field, Protoss Air Armor Level 1, Neosteel Frame, Stimpack, Zerg Ground Armor Level 3, Protoss Ground Weapons Level 3, Glial Reconstitution, Terran Ship Weapons Level 2, Zerg Missile Weapons Level 1, Zerg Flyer Weapons Level 3, Protoss Ground Weapons Level 1, Zerg Melee Weapons Level 3, Blink, Resonating Glaives, Protoss Air Weapons Level 2, Neural Parasite, Zerg Missile Weapons Level 2, Protoss Ground Armor Level 1, Tunneling Claws, Combat Shield, Terran Infantry Weapons Level 2, Terran Infantry Armor Level 2, Terran Vehicle Armor Level 2, Zerg Flyer Armor Level 2, Extended Thermal Lance, Infernal Pre-Igniter, Terran Vehicle And Ship Armor Level 3, Terran Vehicle Armor Level 3, Terran Vehicle Weapons Level 2, Terran Vehicle Weapons Level 3, Neosteel Armor, Terran Infantry Weapons Level 3, Zerg Ground Armor Level 1  
  12  0:01  Drone  
  12  0:05  Anion Pulse-Crystals  
  13  0:12  Pathogen Glands, Caduceus Reactor, Gravitic Drive, Graviton Catapult, Overlord, Hi-Sec Auto Tracking, Moebius Reactor, Behemoth Reactor, Gravitic Boosters  
  13  0:16  Drone  
  14  0:26  Concussive Shells, Pneumatized Carapace  
  14  0:36  Spawning Pool  
  14  0:38  Extractor  
  14  0:40  Drone  
  13  0:47  Drone  
  14  0:51  Overlord  
  14  0:57  Drone x12  
  14  1:09  Unknown x4  
  12  1:31  Spawning Pool  
  11  1:44  Drone  
  12  1:59  Overlord  
  12  2:11  Extractor, Drone  
  12  2:17  Queen  
  12  2:19  Drone, Overlord  
  15  2:24  Zergling x2  
  16  2:33  Drone  
  17  2:45  Roach Warren  
  16  2:51  Zergling x2  
  16  2:53  Extractor  
  16  2:54  Drone  
  17  3:05  Drone  
  18  3:18  Zergling x2  
  19  3:24  Drone  
  20  3:29  Protoss Shields Level 3, Protoss Ground Weapons Level 3, Protoss Ground Armor Level 3  
  20  3:31  Drone  
  21  3:39  Drone  
  22  3:43  Overlord  
  22  3:45  Roach  
  24  3:51  Protoss Air Weapons Level 3, Terran Infantry Armor Level 3, Terran Ship Weapons Level 3, Protoss Air Armor Level 3, Terran Ship Armor Level 3, Zerg Flyer Armor Level 3, Terran Vehicle And Ship Armor Level 3, Terran Vehicle Armor Level 3, Zerg Missile Weapons Level 3, Terran Vehicle and Ship Weapons Level 3, Zerg Ground Armor Level 3, Terran Vehicle Weapons Level 3, Zerg Flyer Weapons Level 3, Terran Infantry Weapons Level 3, Zerg Melee Weapons Level 3  
  24  3:53  Drone  
  24  3:54  Protoss Shields Level 2, Protoss Ground Weapons Level 2, Protoss Ground Armor Level 2  
  25  4:00  Drone  
  26  4:07  Drone  
  27  4:12  Zerg Flyer Weapons Level 2, Zerg Melee Weapons Level 2, Terran Infantry Weapons Level 2, Terran Infantry Armor Level 2, Terran Vehicle Armor Level 2, Zerg Flyer Armor Level 2, Protoss Air Armor Level 2, Terran Vehicle Weapons Level 2, Terran Vehicle and Ship Weapons Level 2, Terran Ship Armor Level 2, Terran Ship Weapons Level 2, Terran Vehicle And Ship Armor Level 2, Zerg Missile Weapons Level 2, Zerg Ground Armor Level 2, Protoss Air Weapons Level 2  
  27  4:19  Protoss Ground Weapons Level 1, Protoss Ground Armor Level 1, Protoss Shields Level 1  
  27  4:27  Blink  
  27  4:34  Terran Infantry Weapons Level 1, Zerg Flyer Armor Level 1, Terran Vehicle Armor Level 1, Zerg Melee Weapons Level 1, Protoss Air Armor Level 1, Terran Vehicle and Ship Weapons Level 1, Terran Vehicle And Ship Armor Level 1, Terran Vehicle Weapons Level 1, Zerg Flyer Weapons Level 1, Zerg Missile Weapons Level 1, Terran Infantry Armor Level 1, Terran Ship Weapons Level 1, Protoss Air Weapons Level 1, Terran Ship Armor Level 1, Zerg Ground Armor Level 1  
  27  4:46  Protoss Shields Level 3, Protoss Ground Weapons Level 3, Protoss Ground Armor Level 3  
  27  4:48  Charge, Weapon Refit, Warp Gate, Neosteel Armor, Extended Thermal Lance, Resonating Glaives, Stimpack  
  27  4:55  Adrenal Glands, Ventral Sacs  
  27  5:02  Personal Cloaking  
  27  5:08  Protoss Air Weapons Level 3, Terran Infantry Armor Level 3, Terran Ship Weapons Level 3, Protoss Air Armor Level 3, Terran Ship Armor Level 3, Zerg Flyer Armor Level 3, Terran Vehicle And Ship Armor Level 3, Terran Vehicle Armor Level 3, Zerg Missile Weapons Level 3, Terran Vehicle and Ship Weapons Level 3, Zerg Ground Armor Level 3, Terran Vehicle Weapons Level 3, Zerg Flyer Weapons Level 3, Terran Infantry Weapons Level 3, Zerg Melee Weapons Level 3  
  27  5:09  Tunneling Claws, Drilling Claws, Psionic Storm, Combat Shield, Neural Parasite, Metabolic Boost, Corvid Reactor, Infernal Pre-Igniter, Neosteel Frame, Centrifical Hooks, Chitinous Plating, Glial Reconstitution, Cloaking Field, 250mm Strike Cannons  
  27  5:11  Protoss Shields Level 2, Protoss Ground Weapons Level 2, Protoss Ground Armor Level 2  
  27  5:17  Burrow, Muscular Augments x3  
  27  5:24  Anion Pulse-Crystals  
  27  5:29  Zerg Flyer Weapons Level 2, Zerg Melee Weapons Level 2, Terran Infantry Weapons Level 2, Terran Infantry Armor Level 2, Terran Vehicle Armor Level 2, Zerg Flyer Armor Level 2, Protoss Air Armor Level 2, Terran Vehicle Weapons Level 2, Terran Vehicle and Ship Weapons Level 2, Terran Ship Armor Level 2, Terran Ship Weapons Level 2, Terran Vehicle And Ship Armor Level 2, Zerg Missile Weapons Level 2, Zerg Ground Armor Level 2, Protoss Air Weapons Level 2  
  27  5:31  Pathogen Glands, Caduceus Reactor, Gravitic Drive, Graviton Catapult, Hi-Sec Auto Tracking, Moebius Reactor, Behemoth Reactor, Gravitic Boosters  
  27  5:36  Protoss Ground Weapons Level 1, Protoss Ground Armor Level 1, Protoss Shields Level 1  
  27  5:44  Blink  
  27  5:45  Concussive Shells, Pneumatized Carapace  
  27  5:51  Terran Infantry Weapons Level 1, Zerg Flyer Armor Level 1, Terran Vehicle Armor Level 1, Zerg Melee Weapons Level 1, Protoss Air Armor Level 1, Terran Vehicle and Ship Weapons Level 1, Terran Vehicle And Ship Armor Level 1, Terran Vehicle Weapons Level 1, Zerg Flyer Weapons Level 1, Zerg Missile Weapons Level 1, Terran Infantry Armor Level 1, Terran Ship Weapons Level 1, Protoss Air Weapons Level 1, Terran Ship Armor Level 1, Zerg Ground Armor Level 1  
  27  6:05  Charge, Weapon Refit, Warp Gate, Neosteel Armor, Extended Thermal Lance, Resonating Glaives, Stimpack  
  27  6:09  Overlord  
  27  6:12  Adrenal Glands, Ventral Sacs  
  27  6:15  Drone x12  
  27  6:19  Personal Cloaking  
  27  6:26  Tunneling Claws, Drilling Claws, Psionic Storm, Combat Shield, Neural Parasite, Metabolic Boost, Corvid Reactor, Infernal Pre-Igniter, Neosteel Frame, Centrifical Hooks, Chitinous Plating, Glial Reconstitution, Cloaking Field, 250mm Strike Cannons  
  27  6:27  Unknown  
  27  6:28  Drone, Unknown x3  
  13  6:34  Burrow, Muscular Augments x3  
  13  6:40  Overlord  
  13  6:41  Anion Pulse-Crystals  
  13  6:46  Drone  
  14  6:48  Pathogen Glands, Caduceus Reactor, Gravitic Drive, Graviton Catapult, Hi-Sec Auto Tracking, Moebius Reactor, Lair, Behemoth Reactor, Gravitic Boosters  
  14  7:02  Concussive Shells, Pneumatized Carapace  
  14  7:05  Spawning Pool  
  14  7:07  Extractor  
  12  7:17  Extractor  
  11  7:27  Overlord  
  11  7:28  Drone  
  12  7:33  Drone x12  
  14  7:45  Unknown x3  
  12  8:09  Spawning Pool  
  11  8:25  Drone  
  12  8:40  Overlord  
  12  8:49  Drone, Overlord  
  12  8:51  Extractor  
  12  8:56  Drone  
  12  9:02  Queen  
  13  9:03  Drone  
  16  9:13  Zergling x2  
  17  9:30  Roach Warren  
  17  9:31  Zergling x2  
  17  9:35  Drone  
  18  9:39  Extractor  
  18  9:45  Drone  
  18  9:56  Zergling x2  
  19  10:06  Drone  
  20  10:13  Drone  
  21  10:21  Drone  
  22  10:28  Drone  
  23  10:34  Overlord  
  23  10:35  Drone  
  24  10:42  Drone  
  25  13:31  Lair, Drone  
  26  13:38  Drone  
  27  13:45  Drone  
  28  13:52  Drone  
  28  13:54  Overlord  
  29  13:59  Drone  
  30  14:04  Zergling x2  
  30  14:07  Drone  
  29  14:29  Zergling x2  
  30  14:32  Overseer  
  30  14:33  Overseer  
  30  14:34  Spire  
  30  14:35  Drone  
  30  14:54  Zergling x2  
  31  15:47  Mutalisk  
Tags
 
League
Gold
Matchup
ZvZ
Race
Zerg
Spawn Locations
Cross Positions
Add a new tag
Caveats
  • Supply blocks, unpowered buildings, or Contaminate may cause inaccurate times.
  • Supply counts are checked every 10 seconds.